cohdb
Replays
Latest Replays
All Replays
Popular Replays
Top Player Replays
Match Explorer
How It Works
Community
CoH3 Stats
Reddit
Sign in to upload your games and track your stats! →
Sign in with Steam
Match 42312276
Unlisted
Match 42312276
Overview
Messages
Build Orders
End
Kradschützen Motorcycle Team
Panzergrenadier Squad
Panzergrenadier Squad
Construct Light Support Kompanie
Selects Panzerjäger Kommand Battlegroup
Selects Mine Fields
Panzerjäger Squad
Combat Half-tracks
Fire Support Elements
2.5-tonne Medical Truck
Assault Mechanized Group
Vehicle Survival Package
Construct Panzerarmee Kommand
Selects Defensive Positions
Selects Tank Busters
Veteran Squad Leaders
Rapid Advance
Selects Crew Shock Tactics
Armored Reserves
Panzer IV Assault Group
Tungsten Core Ammunition
Selects Butterfly Bomb Drop
Butterfly Bomb Drop
Emergency Repair Kits
Tiger Heavy Tank
Walking Stuka Rocket Launcher
Selects Anti-tank Overwatch
Construct Mechanized Kompanie
Anti-tank Overwatch
254 Reconnaissance Tractor
Advanced Optics
Butterfly Bomb Drop
Flak 36 Anti-tank Gun Team
254 Reconnaissance Tractor
Butterfly Bomb Drop
Tiger Mafia
byronwu
incel_incinerat0r
crywo1f
0
0
Comments
sign in to comment!
No comments posted yet!